 Dungeon Crawl Stone Soup version 0.23.1 (webtiles) character file.

Game seed: 17705730616800042704

585 Kwackers the Magician (level 7, -1/36 HPs)
             Began as a Deep Elf Conjurer on Mar 10, 2019.
             Was a Follower of Ashenzari.
             Slain by a scorpion (4 damage)
             ... on level 5 of the Dungeon.
             The game lasted 00:16:04 (4787 turns).

Kwackers the Magician (Deep Elf Conjurer)           Turns: 4787, Time: 00:16:05

Health: -1/36      AC:  3    Str:  7    XL:     7   Next: 15%
Magic:  9/20       EV: 13    Int: 20    God:    Ashenzari [*.....]
Gold:   262        SH:  0    Dex: 15    Spells: 1/21 levels left

rFire    + . .     SeeInvis +   i - +0 dagger
rCold    . . .     Gourm    .   (no shield)
rNeg     . . .     Faith    .   a - +0 robe
rPois    .         Spirit   .   x - +0 helmet
rElec    .         Reflect  .   (no cloak)
rCorr    .         Harm     .   (no gloves)
MR       .....                  (no boots)
Stlth    ++........             (no amulet)
HPRegen  0.12/turn              b - ring of see invisible
MPRegen  0.17/turn              w - ring of protection from fire

@: no status effects
A: no striking features
a: Curse Item, Scrying, Renounce Religion


You were on level 5 of the Dungeon.
You worshipped Ashenzari.
Ashenzari was aware of your devotion.
You were not hungry.

You visited 1 branch of the dungeon, and saw 5 of its levels.

You collected 262 gold pieces.

Inventory:

Hand Weapons
 i - a +0 dagger (weapon)
Missiles
 e - 109 stones (quivered)
 n - 4 tomahawks
 D - 2 tomahawks of returning
Armour
 a - a +0 robe (worn)
 x - a +0 helmet (worn)
Jewellery
 b - a ring of see invisible (left hand)
 s - an uncursed ring of fire
 w - a ring of protection from fire (right hand)
 B - the cursed ring of Disaster {EV-2 Int+3}
   (You found it on level 4 of the Dungeon)

   [ring of evasion]

   It affects your evasion (-2).
   It affects your intelligence (+3).
   It has a curse placed upon it.
Wands
 y - a wand of acid (9)
Scrolls
 d - 2 scrolls of random uselessness {unknown}
 f - a scroll of amnesia {unknown}
 h - 6 scrolls of teleportation {unknown}
 j - 2 scrolls of noise {unknown}
 m - 2 scrolls of remove curse
 o - a scroll of identify {unknown}
 p - a scroll of enchant armour {unknown}
 t - 3 scrolls of immolation {unknown}
 v - a scroll of fog {unknown}
 A - 2 scrolls of blinking {unknown}
 E - a scroll of vulnerability {unknown}
Potions
 g - 3 potions of agility {unknown}
 k - a potion of ambrosia {unknown}
 l - a potion of brilliance {unknown}
 q - a potion of degeneration {unknown}
 r - a potion of heal wounds
 u - a potion of cancellation {unknown}
 z - a potion of lignification {unknown}
Comestibles
 c - 10 rations
 C - 2 chunks of flesh


   Skills:
 - Level 2.4 Dodging
 - Level 2.4 Stealth
 * Level 7.9 Spellcasting
 + Level 6.5 Conjurations
 * Level 3.1 Hexes
 * Level 0.6 Translocations


You had one spell level left.
You knew the following spells:

 Your Spells              Type           Power        Failure   Level  Hunger
a - Magic Dart            Conj           ####         1%          1    None
b - Dazzling Spray        Conj/Hex       ####..       3%          3    None
c - Fulminant Prism       Conj/Hex       ####......   12%         4    ###....
d - Iskenderun's Mystic   Conj           ####....     6%          4    ###....
e - Force Lance           Conj/Tloc      ###.....     19%         4    ###....
f - Summon Lightning Spi  Summ/Air       #.......     65%         4    ###....

Your spell library contained the following spells:

 Spells                   Type           Power        Failure   Level  Hunger
 Summon Small Mammal      Summ           #...         9%          1    None
 Searing Ray              Conj           ####..       1%          2    None
 Call Imp                 Summ           #.......     13%         2    None
 Summon Guardian Golem    Hex/Summ       ##......     14%         3    None
 Call Canine Familiar     Summ           #.......     26%         3    None
 Summon Ice Beast         Ice/Summ       #.......     65%         4    ###....


Dungeon Overview and Level Annotations

Branches:
Dungeon (5/15)
 Temple: D:4-7

Altars:
Ashenzari
Sif Muna
Wu Jian

Annotations:
D:2 1 runed translucent door, Crazy Yiuf
D:3 exclusion: downstairs
D:4 1 runed translucent door, poirepourri's ghost, amateur DsFi


Message History

The scorpion is severely wounded.
The scorpion stings you.
Casting: Magic Dart (safe; 1% risk of failure)
Confirm with . or Enter, or press ? or * to list all spells.
Aiming: Magic Dart (safe; 1% risk of failure)
Press: ? - help, Shift-Dir - straight line, f/p - scorpion
Aim: a scorpion (severely wounded)
The magic dart hits the scorpion but does no damage.
The scorpion is severely wounded.
The scorpion stings you!
* * * LOW HITPOINT WARNING * * *
Casting: Magic Dart (safe; 1% risk of failure)
Confirm with . or Enter, or press ? or * to list all spells.
Aiming: Magic Dart (safe; 1% risk of failure)
Press: ? - help, Shift-Dir - straight line, f/p - scorpion
Aim: a scorpion (severely wounded)
The magic dart hits the scorpion.
The scorpion is severely wounded.
The scorpion stings you.
You die...

.#..#...........#.
#........###.##.##.###.
......................
.....................
....................
.....###.#.###..... #.
## #.#.# #.###.
#s######.#.# #.# ##
#.@......#.# #.#
##########.# #.#
#.###.#### ..##......
#####.#### ###


You could see a scorpion.

Vanquished Creatures
  2 ogres
  2 orc priests (D:4)
  2 orc wizards (D:4)
  A centaur skeleton (D:4)
  2 iguanas
  A worker ant (D:3)
  A hound skeleton (D:4)
  9 adders
  2 oozes
  2 worms (D:2)
  4 leopard geckos
  9 orcs
  7 giant cockroaches
  5 hobgoblins
  4 jackals (D:3)
  2 quokkas (D:3)
  3 ball pythons
  2 bats
  4 frilled lizards
  7 goblins
  11 kobolds
  A leopard gecko skeleton (D:4)
  6 rats
89 creatures vanquished.

Vanquished Creatures (others)
  4 fulminant prisms (D:4)
  4 toadstools (D:2)
8 creatures vanquished.

Grand Total: 97 creatures vanquished

Notes
Turn   | Place    | Note
-------+----------+-------------------------------------------
     0 | D:1      | Kwackers the Deep Elf Conjurer began the quest for the Orb.
     0 | D:1      | Reached XP level 1. HP: 10/10 MP: 6/6
   191 | D:1      | Reached XP level 2. HP: 15/15 MP: 1/8
   386 | D:1      | Found a shattered altar of Ashenzari.
   396 | D:1      | Became a worshipper of Ashenzari the Shackled
   682 | D:1      | Reached skill level 5 in Conjurations
  1066 | D:2      | Reached XP level 3. HP: 19/19 MP: 1/10
  1139 | D:2      | Learned a level 3 spell: Dazzling Spray
  1574 | D:2      | Reached skill level 4 in Spellcasting
  1722 | D:2      | Reached skill level 1 in Hexes
  1722 | D:2      | Reached XP level 4. HP: 24/24 MP: 7/12
  2107 | D:2      | Found a runed translucent door.
  2108 | D:2      | Noticed Crazy Yiuf
  2474 | D:3      | Reached * piety under Ashenzari
  2861 | D:3      | Reached skill level 5 in Spellcasting
  3297 | D:4      | Found a runed translucent door.
  3297 | D:4      | Noticed a bullfrog
  3301 | D:4      | Reached XP level 5. HP: 28/28 MP: 9/14
  3473 | D:4      | Noticed an ogre
  3483 | D:3      | HP: 1/28 [poisoned by a worker ant]
  3574 | D:4      | Reached skill level 6 in Spellcasting
  3666 | D:4      | Killed an ogre
  3666 | D:4      | Reached XP level 6. HP: 32/32 MP: 8/17
  3764 | D:4      | Learned a level 4 spell: Fulminant Prism
  3769 | D:4      | Learned a level 4 spell: Iskenderun's Mystic Blast
  3861 | D:4      | Identified the cursed ring of Disaster {EV-2 Int+3}
  3934 | D:4      | Reached skill level 7 in Spellcasting
  4053 | D:4      | Noticed poirepourri's ghost (amateur DsFi)
  4107 | D:4      | Found an ornate altar of the Wu Jian Council.
  4108 | D:4      | Found a deep blue altar of Sif Muna.
  4493 | D:4      | Learned a level 4 spell: Force Lance
  4521 | D:5      | Entered Level 5 of the Dungeon
  4676 | D:5      | Learned a level 4 spell: Summon Lightning Spire
  4784 | D:5      | Reached XP level 7. HP: 17/36 MP: 11/20
  4787 | D:5      | Slain by a scorpion

Skill      XL: |  1  2  3  4  5  6 |
---------------+-------------------+-----
Conjurations   | 5 6 |  6.5
Spellcasting   | 4 5 6 7 |  7.9
Hexes          | 1 2 3 |  3.1
Dodging        | |  2.4
Stealth        | |  2.4
Translocations | |  0.6

Action                   |  1- 3 |  4- 6 |  7- 9 || total
-------------------------+-------+-------+-------++-------
 Cast: Magic Dart        |    92 |   147 |     4 ||   243
       Dazzling Spray    |       |     3 |       ||     3
       Fulminant Prism   |       |     4 |       ||     4
       Iskenderun's Myst |       |     1 |       ||     1
  Use: Potion            |       |     2 |       ||     2
  Eat: Chunk             |     2 |     7 |       ||     9
       Ration            |       |     1 |       ||     1
Armor: Robe              |     2 |     3 |       ||     5
Dodge: Dodged            |     4 |    25 |       ||    29
